 Dungeon Crawl Stone Soup version 0.22-a0-161-g198051c (webtiles) character file.

491 kuniqs the Shield-Bearer (level 6, -3/57 HPs)
             Began as a Deep Dwarf Fighter on Feb 11, 2018.
             Slain by an ogre
             ... wielding a +0 giant spiked club
              (5 damage)
             ... on level 4 of the Dungeon.
             The game lasted 00:05:35 (2578 turns).

kuniqs the Shield-Bearer (Deep Dwarf Fighter)       Turns: 2578, Time: 00:05:36

Health: -3/57      AC:  8    Str: 19    XL:     6   Next: 91%
Magic:  5/5        EV:  9    Int:  9    God:
Gold:   194        SH: 10    Dex: 14    Spells: 5/5 levels left

rFire    . . .     SeeInvis .   a - +0 war axe
rCold    . . .     Gourm    .   c - +0 shield
rNeg     . . .     Faith    .   b - +0 scale mail
rPois    .         Spirit   .   (no helmet)
rElec    .         Reflect  .   (no cloak)
rCorr    .         Harm     .   n - +0 pair of gloves
MR       .....                  (no boots)
Stlth    ..........             (no amulet)
HPRegen  0.00/turn              (no ring)
MPRegen  0.09/turn              (no ring)

@: non-regenerating
A: damage resistance, heal wounds, sense surroundings 1, no regeneration
a: Heal Wounds


You were on level 4 of the Dungeon.
You were not hungry.

You visited 1 branch of the dungeon, and saw 4 of its levels.

You collected 194 gold pieces.

Inventory:

Hand Weapons
 a - a +0 war axe (weapon)
Armour
 b - a +0 scale mail (worn)
 c - a +0 shield (worn)
 n - a +0 pair of gloves (worn)
Scrolls
 g - a scroll of identify {@r1}
 i - a scroll of fog
 j - 3 scrolls of teleportation
 k - 2 scrolls of noise {unknown}
 l - 3 scrolls of enchant armour {unknown}
 m - 2 scrolls of remove curse {unknown}
 t - a scroll of fear {unknown}
Potions
 d - 4 potions of might
 e - a potion of haste
 o - 3 potions of curing {@q1}
 p - a potion of brilliance {unknown}
 q - a potion of cancellation
 r - 2 potions of mutation
 s - a potion of heal wounds {unknown}
Comestibles
 f - 9 rations
 h - a chunk of flesh


   Skills:
 + Level 4.0 Fighting
 + Level 4.0 Axes
 + Level 4.8 Armour
 + Level 3.1 Dodging
 + Level 4.9 Shields


You had 5 spell levels left.
You didn't know any spells.

Dungeon Overview and Level Annotations

Branches:
Dungeon (4/15)
 Temple: D:4-7

Altars:
Uskayaw

Annotations:
D:2 1 runed door


Innate Abilities, Weirdness & Mutations

You are resistant to damage.
You can heal yourself by infusing magical energy.
You passively map a small area around you.
You do not regenerate.


Message History

Your shield and scale mail prevent you from hitting the iguana.
The iguana closely misses you.
You hit the iguana.
The iguana bites you but does no damage.
The iguana barely misses you.
An ogre comes into view. It is wielding a giant spiked club.
You hit the iguana. You block the iguana's attack.
You hit the iguana. You block the iguana's attack.
You closely miss the iguana. The iguana bites you!
You block the iguana's attack.
You slash the ogre! You block the ogre's attack.
You slash the ogre!
The ogre hits you with a giant spiked club!!
You are too injured to fight recklessly!
You fail to use your ability.
The ogre hits you with a giant spiked club!!
* * * LOW HITPOINT WARNING * * *
You fail to use your ability.
The ogre hits you with a giant spiked club!
You die...

* #. >, ,* * * *
#.#### *
.####!... ,, * ,
*, #........)# *
*, *, ....#####.#
* *
........l#.....#*
######.###.####
,...#########O##
#.# *
...........@##
#.# #..###.####.#
## #.. #.## ..#*
#..# #..# .#.#,
#..####.###.##.#
#......#)...# ##
#..####.#####
#..# #.#
#..####.#


You could see an ogre and an iguana.

Vanquished Creatures
  Sigmund (D:3)
  2 jellies (D:3)
  Natasha (D:2)
  10 adders
  9 oozes
  A worm (D:2)
  4 dart slugs
  A leopard gecko (D:1)
  2 orcs (D:2)
  4 giant cockroaches
  11 goblins
  3 hobgoblins
  10 jackals
  4 quokkas
  A ball python (D:1)
  7 bats
  8 frilled lizards
  16 kobolds
  3 rats
98 creatures vanquished.

Vanquished Creatures (others)
  An orc wizard (D:2)
  A fungus (D:3)
  8 toadstools (D:3)
10 creatures vanquished.

Grand Total: 108 creatures vanquished

Notes
Turn   | Place    | Note
-------+----------+-------------------------------------------
     0 | D:1      | kuniqs the Deep Dwarf Fighter began the quest for the Orb.
     0 | D:1      | Reached XP level 1. HP: 20/20 MP: 1/1
   160 | D:1      | Reached XP level 2. HP: 25/27 MP: 2/2
   768 | D:1      | Reached skill level 1 in Dodging
   905 | D:2      | Reached XP level 3. HP: 24/33 MP: 3/3
  1068 | D:2      | Reached XP level 4. HP: 35/42 MP: 3/3
  1209 | D:2      | Noticed Natasha
  1212 | D:2      | Killed Natasha
  1280 | D:2      | Reached XP level 5. HP: 26/49 MP: 4/4
  1534 | D:2      | Found a runed door.
  1650 | D:3      | Found a hide-covered altar of Uskayaw.
  1701 | D:3      | Noticed Sigmund
  1725 | D:3      | Killed Sigmund
  1725 | D:3      | Reached XP level 6. HP: 49/57 MP: 5/5
  2574 | D:4      | HP: 2/57 [ogre/giant spiked club (19)]
  2578 | D:4      | Slain by an ogre

Vault maps used:
D:1:      dpeg_arrival_pond
D:2:      lexackson_kobold_supper, uniq_crazy_yiuf_cottage, uniq_natasha
D:3:      cheibrodos_fertilizer, overflow_temple_1_default, glass_columns_a,
          uniq_sigmund
D:4:      first_ration, nrook_mini_backslash, lemuel_statue_altar

Skill      XL: |  1  2  3  4  5  6 |
---------------+-------------------+-----
Dodging        | 1 2 3 |  3.1
Fighting       | 3 4 |  4.0
Axes           | 3 4 |  4.0
Shields        | 4 |  4.9
Armour         | 4 |  4.8

Action                   |  1- 3 |  4- 6 || total
-------------------------+-------+-------++-------
Melee: War axe           |    98 |   204 ||   302
 Abil: Heal Wounds       |     1 |     1 ||     2
  Use: Scroll            |       |     6 ||     6
       Potion            |       |     1 ||     1
  Eat: Chunk             |     1 |     5 ||     6
Armor: Scale mail        |    57 |    91 ||   148
Dodge: Dodged            |    28 |    75 ||   103
Block: Shield            |    54 |   118 ||   172

Table legend:
 A = Spawn XP
 B = Non-spawn XP
 C = Spawn XP percentage of total XP
 D = Spawn monster count
 E = Non-spawn monster count
 F = Spawn count percentage of total count
 G = Total turns spent on level
                    A         B        C        D         E        F      G
               +---------+---------+-------+---------+---------+-------+---------
         Total |       0 |     702 |   0.0 |       0 |      99 |   0.0 |  2578
               +---------+---------+-------+---------+---------+-------+---------
           D:1 |       0 |      32 |   0.0 |       0 |      19 |   0.0 |   850
           D:2 |       0 |     181 |   0.0 |       0 |      39 |   0.0 |   831
           D:3 |       0 |     467 |   0.0 |       0 |      38 |   0.0 |   674
           D:4 |       0 |      22 |   0.0 |       0 |       3 |   0.0 |   223
               +---------+---------+-------+---------+---------+-------+---------
